 Dungeon Crawl Stone Soup version 0.19.0-24-gb05acd6 (webtiles) character file.

130 Banto the Slasher (level 4, 0/29 HPs)
             Began as a High Elf Skald on Nov 22, 2016.
             Slain by Grinder (3 damage)
             ... while paralysed by Grinder
             ... on level 4 of the Dungeon.
             The game lasted 00:05:09 (2643 turns).

Banto the Slasher (High Elf Skald)                  Turns: 2643, Time: 00:05:10

Health: 0/29       AC:  6    Str: 11    XL:     4   Next: 89%
Magic:  2/8        EV:  2    Int: 15    God:
Gold:   112        SH:  0    Dex: 16    Spells: 3 memorised, 2 levels left

rFire  . . .     SeeInvis .     a - +0 falchion
rCold  . . .     Gourm    +     b - +0 leather armour
rNeg   . . .     Faith    .     (no shield)
rPois  .         Spirit   .     (no helmet)
rElec  .         Reflect  .     l - +0 cloak
rCorr  .         Harm     .     (no gloves)
MR     .....                    k - +1 pair of boots {Stlth+}
Stlth  ++........               e - amulet of the gourmand
                                (no ring)
                                (no ring)

@: paralysed, shrouded (expiring), infused (expiring), very slightly
contaminated, invisible
A: evolution 1, subdued magic 1, MP-powered wands
a: no special abilities


You were on level 4 of the Dungeon.
You were very hungry.

You visited 1 branch of the dungeon, and saw 4 of its levels.

You collected 112 gold pieces.

Inventory:

Hand Weapons
 a - a +0 falchion (weapon)
 o - a +0 blowgun
Missiles
 p - 7 poisoned needles
Armour
 b - a +0 leather armour (worn)
 k - a +1 pair of boots of stealth (worn)
 l - a +0 cloak (worn)
Jewellery
 e - an amulet of the gourmand (around neck)
Scrolls
 j - 4 scrolls of remove curse
 m - 3 scrolls of teleportation
Potions
 f - a potion of might
 n - a potion of resistance {unknown}
Books
 c - a book of Battle

   Spells                             Type                      Level
   a - Infusion                       Charms                       1
   b - Shroud of Golubria             Charms/Translocation         2
   c - Song of Slaying                Charms                       2
   d - Spectral Weapon                Hexes/Charms                 3
   e - Regeneration                   Charms/Necromancy            3
Comestibles
 d - 3 bread rations


   Skills:
 - Level 2.0 Fighting
 + Level 5.0 Long Blades
 - Level 0.8 Armour
 + Level 3.3 Dodging
 - Level 2.4 Spellcasting
 - Level 3.6 Charms


You had 2 spell levels left.
You knew the following spells:

 Your Spells              Type           Power        Failure   Level  Hunger
a - Infusion              Chrm           #...         8%          1    #......
b - Song of Slaying       Chrm           #.......     10%         2    ###....
c - Shroud of Golubria    Chrm/Tloc      #.........   21%         2    ###....


Dungeon Overview and Level Annotations

Branches:
Dungeon (4/15)
 Temple: D:4-7

Altars:
Zin

Annotations:
D:2 Sigmund
D:3 Aksej's ghost, weakling DsFi
D:4 Grinder


Innate Abilities, Weirdness & Mutations

You evolve.
Your spells are a little easier to cast, but a little less powerful.
You expend magic power (3 MP) to strengthen your wands.


Message History

Your connection to magic feels subdued.
You feel nature experimenting on you.
Don't worry, failures die fast.
You feel your magical essence link to your wands.
Your magical infusion is running out.
Grinder hits you but does no damage.
Okay, then.
It was a potion of curing.
You feel better. The quokka closely misses you. Grinder gestures at you.
You suddenly lose the ability to move!
The quokka bites you but does no damage.
Grinder completely misses you.
Your shroud begins to fray at the edges.
Your shroud bends the quokka's attack away.
Grinder hits you.
You writhe in agony.
* * * LOW HITPOINT WARNING * * *
The quokka bites you but does no damage.
Grinder hits you.
* * * LOW HITPOINT WARNING * * *
You writhe in agony.
You die...

#...# #..5# #...
#...##. #...# #......
#...# #....###
#...#####... ..##
#.........####5.#####
#....###....r@......#
#........#######..#.#
#.....#### .#
#......# # #..<.#..#
#######..# ###


You could see Grinder and a quokka.

Vanquished Creatures
  2 orc wizards (D:3)
  2 worms
  A dart slug (D:1)
  3 orcs (D:3)
  8 goblins
  10 hobgoblins
  10 jackals
  7 kobolds
  2 quokkas (D:3)
  6 bats
  9 rats
60 creatures vanquished.

Notes
Turn   | Place    | Note
-------+----------+-------------------------------------------
     0 | D:1      | Banto the High Elf Skald began the quest for the Orb.
     0 | D:1      | Reached XP level 1. HP: 14/14 MP: 4/4
   473 | D:1      | Reached skill level 3 in Long Blades
   473 | D:1      | Reached XP level 2. HP: 19/19 MP: 0/6
   905 | D:2      | Reached XP level 3. HP: 21/24 MP: 1/7
   951 | D:2      | Found a glowing silver altar of Zin.
  1137 | D:2      | Learned a level 2 spell: Song of Slaying
  1140 | D:2      | Learned a level 2 spell: Shroud of Golubria
  1281 | D:2      | Noticed Sigmund
  1313 | D:3      | Noticed Aksej's ghost (weakling DsFi)
  1336 | D:3      | Reached skill level 4 in Long Blades
  1612 | D:3      | Noticed an ogre
  2018 | D:3      | Reached XP level 4. HP: 18/29 MP: 2/8
  2169 | D:3      | Reached skill level 5 in Long Blades
  2618 | D:4      | Noticed Grinder
  2639 | D:4      | Gained mutation: Your spells are a little easier to cast, but a little less powerful. [potion of mutation]
  2639 | D:4      | Gained mutation: You evolve. [potion of mutation]
  2639 | D:4      | Gained mutation: You expend magic power (3 MP) to strengthen your wands. [potion of mutation]
  2640 | D:4      | Paralysed by Grinder for 7 turns
  2643 | D:4      | Slain by Grinder

Skill      XL: |  1  2  3  4 |
---------------+-------------+-----
Long Blades    | 3 4 5 |  5.0
Dodging        | 2 3 |  3.3
Fighting       | |  2.0
Armour         | |  0.8
Spellcasting   | |  2.4
Charms         | |  3.6

Action                   |  1- 3 |  4- 6 || total
-------------------------+-------+-------++-------
Melee: Falchion          |   126 |    39 ||   165
 Cast: Infusion          |    26 |     4 ||    30
       Shroud of Golubri |     1 |     2 ||     3
  Use: Potion            |     2 |     4 ||     6
       Scroll            |     4 |     2 ||     6
 Stab: Sleeping          |     4 |       ||     4
  Eat: Chunk             |     4 |     1 ||     5
Armor: Leather armour    |    47 |    18 ||    65
Dodge: Dodged            |    99 |    26 ||   125
       Rpst.: Falchion   |    38 |     7 ||    45

Table legend:
 A = Turns spent in this place as a percentage of turns spent in the entire game.
 B = Non-inter-level travel turns spent in this place as a percentage of non-inter-level travel turns spent in the entire game.
 C = Inter-level travel turns spent in this place as a percentage of turns spent in this place.
 D = Turns resting spent in this place as a percentage of non-inter-level travel turns spent in this place.
 E = Turns spent auto-exploring this place as a percentage of non-inter-level travel turns spent in this place.
 F = Non-inter-level travel turns spent in this place divided by the number of levels of this place that you've seen.
                   A       B       C       D       E      F
               +-------+-------+-------+-------+-------+----------------------
         Total | 100.0 | 100.0 |   0.7 |   4.3 |   7.6 | 251.5
       Dungeon | 100.0 | 100.0 |   0.7 |   4.3 |   7.6 | 251.5
               +-------+-------+-------+-------+-------+----------------------

Table legend:
 A = Kills in this place as a percentage of kills in entire the game.
 B = Kills by you in this place as a percentage of kills by you in the entire game.
 C = Kills by friends in this place as a percentage of kills by friends in the entire game.
 D = Other kills in this place as a percentage of other kills in the entire game.
 E = Experience gained in this place as a percentage of experience gained in the entire game.
 F = Experience gained in this place divided by the number of levels of this place that you have seen.
                   A       B       C       D       E      F
               +-------+-------+-------+-------+-------+----------------------
         Total | 100.0 | 100.0 |  -nan |  -nan | 100.0 |  46.5
       Dungeon | 100.0 | 100.0 |  -nan |  -nan | 100.0 |  46.5
               +-------+-------+-------+-------+-------+----------------------
